 Dungeon Crawl Stone Soup version 0.28.0-47-ge53b351184 (webtiles) character file.

Game seed: 10396838548488013578

121 acdeimund the Skirmisher (level 5, -1/47 HPs)
             Began as a Hill Orc Fighter on May 4, 2022.
             Succumbed to a scorpion's poison
             ... on level 3 of the Dungeon.
             The game lasted 00:03:20 (2219 turns).

acdeimund the Skirmisher (Hill Orc Fighter)         Turns: 2219, Time: 00:03:21

Health: -1/47      AC: 10    Str: 19    XL:     5   Next: 5%
Magic:  5/5        EV:  7    Int:  8    God:
Gold:   105        SH:  5    Dex: 12    Spells: 4/4 levels left

rFire   . . .      SeeInvis .   a - +0 flail
rCold   . . .      Faith    .   c - +0 buckler
rNeg    . . .      Spirit   .   i - +1 chain mail
rPois   .          Reflect  .   (no helmet)
rElec   .          Harm     .   (no cloak)
rCorr   .          Rampage  .   (no gloves)
Will    .....                   (no boots)
Stlth   ..........              (no amulet)
HPRegen 0.15/turn               (no ring)
MPRegen 0.09/turn               (no ring)

@: mighty, lethally poisoned (-1 -> -19)
A: no striking features
a: no special abilities


You were on level 3 of the Dungeon.
You visited 1 branch of the dungeon, and saw 3 of its levels.

You collected 105 gold pieces.

Inventory:

Hand Weapons
 a - a +0 flail (weapon)
Missiles
 f - 3 boomerangs (quivered)
Armour
 b - a +0 scale mail
 c - a +0 buckler (worn)
 i - a +1 chain mail (worn)
Potions
 e - 2 potions of heal wounds {unknown}
 h - a potion of curing {unknown}
 j - a potion of lignification {unknown}


   Skills:
 + Level 4.5 Fighting
 + Level 3.3 Maces & Flails
 + Level 4.2 Armour
 + Level 4.1 Shields


You had 4 spell levels left.
You didn't know any spells.
Your spell library contained the following spells:

 Spells                   Type           Power      Damage    Failure   Level
 Call Canine Familiar     Summ           0%         N/A       100%        3
 Portal Projectile        Hex/Tloc       0%         N/A       100%        3
 Leda's Liquefaction      Hex/Erth       0%         N/A       100%        4


Dungeon Overview and Level Annotations

Branches:
Dungeon (3/15)

Altars:
Wu Jian

Shops:
D:1 [


Message History

The kobold hits you but does no damage.
Found 25 stones.
There is a stone staircase leading up, spattered with blood here.
As you read the scroll labelled URUKINL HIEREU, it crumbles to dust.
The creatures around you are filled with an inner flame!
It was a scroll of immolation.
The scorpion stings you.
You are poisoned.
The scorpion poisons you! The kobold hits you with a +0 dagger.
You block the scorpion's attack.
As you read the scroll labelled YQIOJ FETOROOJ, it crumbles to dust.
It is a scroll of enchant armour.
Your +0 chain mail glows green for a moment.
You feel very sick.
The scorpion stings you but does no damage.
The kobold hits you but does no damage.
You feel very mighty all of a sudden.
You feel very sick.
The scorpion stings you but does no damage.
The kobold hits you but does no damage.
You barely miss the scorpion.
You feel sick.
The scorpion stings you but does no damage.
You block the kobold's attack.
You hit the scorpion.
Flame seeps out of the scorpion.
The scorpion is moderately wounded.
You feel sick.
The scorpion is engulfed in blazing flames.
Flame seeps out of the scorpion.
The scorpion stings you.
You are lethally poisoned!
The scorpion poisons you! The kobold hits you but does no damage.
The scorpion is engulfed in blazing flames.
The scorpion explodes!
The fiery explosion engulfs you!
* * * LOW HITPOINT WARNING * * *
You hear a shout! x3
Your Maces & Flails skill increases to level 3!
Your Armour skill increases to level 4!
Your Shields skill increases to level 4!
You have reached level 5!
You feel stronger.
You die...

##########
#######........#
#.....#........#
#@K...#........#
#§§...#.<......#
#.....§°§...#........#
...####§§.....#......#
#.....###......#
####..# ...>... ......
......#
..............# ...
..###.....#


You could see a kobold (inner flame).

Vanquished Creatures
  A scorpion (D:3)
  A howler monkey skeleton (D:3)
  An adder (D:2)
  A worm (D:2)
  A dart slug (D:2)
  2 endoplasms (D:1)
  3 giant cockroaches (D:2)
  2 hobgoblins
  4 jackals (D:1)
  2 quokkas
  3 ball pythons
  4 bats
  A frilled lizard (D:2)
  4 goblins
  4 kobolds
  A rat (D:2)
35 creatures vanquished.

Notes
Turn   | Place    | Note
-------+----------+-------------------------------------------
     0 | D:1      | acdeimund the Hill Orc Fighter began the quest for the Orb.
     0 | D:1      | Reached XP level 1. HP: 19/19 MP: 1/1
   298 | D:1      | Reached XP level 2. HP: 16/27 MP: 2/2
   472 | D:1      | Found Qonuor's Armour Boutique.
  1143 | D:2      | Found a faded altar of an unknown god.
  1211 | D:2      | Reached XP level 3. HP: 33/33 MP: 3/3
  1503 | D:2      | Found an ornate altar of the Wu Jian Council.
  2181 | D:3      | Reached XP level 4. HP: 40/40 MP: 4/4
  2213 | D:3      | Noticed a scorpion
  2218 | D:3      | Killed a scorpion
  2218 | D:3      | HP: 2/40 [spore (12)]
  2219 | D:3      | Reached XP level 5. HP: 3/47 MP: 5/5
  2219 | D:3      | Succumbed to a scorpion's poison

Illustrated notes

Levels and vault maps discovered:
D:1:      sevenhm_arrival_forest_fort_small_6, layout_basic, serial_shops,
          nicolae_shop_behind_doors, minivault_4, minmay_fountain_box,
          serial_bayou_crossing
D:2:      layout_basic, nicolae_ecumenical_oubliette, basic_altar
D:3:      layout_rooms, supply_closet_lemuel, uniq_crazy_yiuf_cottage

Skill      XL: |  1  2  3  4 |
---------------+-------------+-----
Fighting       | 4 |  4.5
Maces & Flails | 3 |  3.3
Armour         | 4 |  4.2
Shields        | 4 |  4.1

Action                   |  1- 3 |  4- 6 || total
-------------------------+-------+-------++-------
Melee: Flail             |   122 |     2 ||   124
  Use: Scroll            |       |     2 ||     2
       Potion            |       |     1 ||     1
Armor: Scale mail        |    29 |       ||    29
       Chain mail        |    70 |     7 ||    77
Dodge: Dodged            |    51 |       ||    51
Block: Buckler           |    32 |     2 ||    34
